 Seeded DCSS version 0.29-a0-409-gd843f3a48c (webtiles) character file.

Game seed: 17930253926559947122 (custom seed)

14 zeratav the Digger (level 2, 17/17 HPs)
             Began as an Octopode Earth Elementalist on May 15, 2022.
             Was a Follower of Sif Muna.
             Quit the game on level 1 of the Dungeon.
             The game lasted 00:01:47 (534 turns).

zeratav the Digger (Octopode Earth Elementalist)     Turns: 534, Time: 00:01:48

Health: 17/17      AC:  1    Str:  7    XL:     2   Next: 45%
Magic:  4/5        EV: 13    Int: 17    God:    Sif Muna [*.....]
Gold:   0          SH:  0    Dex: 12    Spells: 4/5 levels left

rFire   . . .      SeeInvis .   i - +0 short sword {short}
rCold   . . .      Faith    .   (no shield)
rNeg    . . .      Spirit   .   (helmet restricted)
rPois   .          Reflect  .   (no amulet)
rElec   .          Harm     .   (no ring)
rCorr   .          Rampage  .   (no ring)
Will    .....                   (no ring)
Stlth   +++.......              (no ring)
HPRegen 0.05/turn               (no ring)
MPRegen 0.09/turn               (no ring)
                                (no ring)
                                (no ring)

@: no status effects
A: almost no armour, amphibious, 8 rings, camouflage 1, gelatinous body 1,
(nimble swimmer 1), tentacles
a: Renounce Religion, Channel Magic


You were on level 1 of the Dungeon.
You worshipped Sif Muna.
Sif Muna was aware of your devotion.
You visited 1 branch of the dungeon, and saw 1 of its levels.


Innate Abilities, Weirdness & Mutations

You cannot wear most types of armour.
You are amphibious.
You can wear up to eight rings at the same time.
Your skin changes colour to match your surroundings (Stealth+).
Your rubbery body absorbs attacks. (AC +1, EV +1)
((You are camouflaged when in or above water. (Stealth+)))
You have tentacles for arms and can constrict up to eight enemies at once.


   Skills:
 - Level 2.0 Dodging
 - Level 2.6 Stealth
 + Level 2.2 Spellcasting
 - Level 1.0 Transmutations
 * Level 3.5 Earth Magic


You had 4 spell levels left.
You knew the following spells:

 Your Spells              Type           Power      Damage    Failure   Level
a - Sandblast             Erth           28%        2d8       4%          1

Your spell library contained the following spells:

 Spells                   Type           Power      Damage    Failure   Level
 Passwall                 Tmut/Erth      7%         N/A       11%         2
 Stone Arrow              Conj/Erth      14%        3d7       26%         3
 Petrify                  Tmut/Erth      9%         N/A       58%         4

Inventory:

Hand Weapons
 i - a +0 short sword (weapon) {short}
   (You took it off a kobold on level 1 of the Dungeon)
Missiles
 a - 46 stones {throwing}
Magical Staves
 d - a staff of earth {staff}
   (You found it on level 1 of the Dungeon)
Scrolls
 g - a scroll of enchant weapon {unknown}
 h - a scroll of brand weapon {unknown}
Potions
 b - a potion of magic
 c - 2 potions of curing {unknown}
 e - a potion of berserk rage {unknown}
 f - 2 potions of brilliance {unknown}

Dungeon Overview and Level Annotations

Branches:
Dungeon (1/15)

Altars:
Sif Muna

######..#.####.####
##..### #.# #
#####♣....♣## ### ##
###..........PP8 ##.
#...............P #..
#####.########+## ##.
#.......# ##. #......♣#
#.. #..P@..♣ #..
####.⌠.###### #####.
#.######....#####.# #.
##.#.#.##...#.#.##.# #.
#.............#.##.###.
#..#.#..........†......
#..#.#####.##.#..#####.
#..#.# #.##.#..#####.
#..#.#####>............


There were no monsters in sight!


Message History

A rat is nearby!
You see here a rat corpse.
You hit the rat.
You kill the rat!
No target in view!
No target in view!
No target in view!
No target in view!
No target in view!
No target in view!
No target in view!
No target in view!
No target in view!
No target in view!
No target in view!
No target in view!
No target in view!
No target in view!
No target in view!
You see here a rat corpse.
A hobgoblin comes into view.
MP[+1]
Your mp is fully restored (3).
A hobgoblin is nearby!
The hobgoblin shouts!
You barely miss the hobgoblin. Your grab misses the hobgoblin.
The hobgoblin barely misses you.
You barely miss the hobgoblin. Your grab misses the hobgoblin.
You squeeze the hobgoblin, but do no damage.
The hobgoblin barely misses you.
You hit the hobgoblin but do no damage. You grab the hobgoblin.
You squeeze the hobgoblin.
You kill the hobgoblin!
You have reached level 2!
HP[+6] MP[+2]
You now have 17 max hp (+6).
Your hp is fully restored (17).
Your mp is fully restored (5).
You see here a hobgoblin corpse.
You open the door.
There is an open door here.
h - a scroll labelled OMICZOOLIPH
There is an open door here.
A kobold comes into view. It is wielding a +0 short sword.
A kobold is nearby!
A hobgoblin comes into view.
You feel a surge of power!
The blast of sand hits the kobold!
You kill the kobold!
MP[-1]
You lost 1 mp, and now have 4/5 mp.
You see here a +0 short sword {short}. 2 kobolds come into view.
The kobold shouts! x2
A kobold comes into view. It is wielding a +0 short sword.
MP[+1]
Your mp is fully restored (5).
You feel a surge of power!
The blast of sand hits the kobold.
You kill the kobold!
MP[-1]
You lost 1 mp, and now have 4/5 mp.
You feel a surge of power!
The blast of sand hits the kobold!
You kill the kobold!
The hobgoblin shouts!
You can't see any susceptible monsters within range! (Use Z to cast anyway.) MP[-1]
You lost 1 mp, and now have 3/5 mp.
You can't see any susceptible monsters within range! (Use Z to cast anyway.)
You see here a +0 short sword {short}.
You feel a surge of power!
The blast of sand hits the hobgoblin!
You kill the hobgoblin!
MP[-1]
You lost 1 mp, and now have 2/5 mp.
You feel a surge of power!
The blast of sand hits the kobold!
You kill the kobold!
MP[-1]
You lost 1 mp, and now have 1/5 mp.
i - a +0 short sword (weapon)
{short} You start resting.
MP[+4]
Your mp is fully restored (5).
a - 47 stones {throwing} (gained 3)
You see here a +0 short sword {short}.
You see here a +0 short sword {short}.
You see here 2 atropa-tipped darts {throwing}.
Found a faded altar of an unknown god.
An endoplasm comes into view.
Casting: Sandblast (safe; 4% risk of failure)
Confirm with . or Enter, or press ? or * to list all spells.
Aiming: Sandblast (safe; 4% risk of failure)
Press: ? - help, Shift-Dir - straight line, f - endoplasm
Aim: an endoplasm (asleep, 100% to hit)
The blast of sand hits the endoplasm!
You kill the endoplasm!
MP[-1]
You lost 1 mp, and now have 4/5 mp.
There is a faded altar of an unknown god here.
You cannot tell which god this altar belongs to.
Convert to them anyway?
Sif Muna accepts your prayer! Sif Muna welcomes you!
You can now call upon Sif Muna for magical energy.
Are you sure you want to abandon this character and quit the game? (Confirm with "yes".)

Action                   || total
-------------------------++-------
Melee: Staff             ||     7
       Tentacles         ||     3
       Constrict         ||     2
 Cast: Sandblast         ||     9
 Stab: Sleeping          ||     1
Dodge: Dodged            ||     2

Levels and vault maps discovered:
D:1:      dpeg_arrival_yet_another_circle, layout_basic, serial_rivers,
          chequers_serial_rivers_small_b, chequers_serial_rivers_large_b,
          chequers_serial_rivers_micro_b, chequers_serial_rivers_room_b,
          chequers_serial_rivers_micro_c, chequers_serial_rivers_large_a,
          chequers_ecumenical_altar_lobes

Notes
Turn   | Place    | Note
-------+----------+-------------------------------------------
     0 | D:1      | zeratav the Octopode Earth Elementalist began the quest for
                  | the Orb.
     0 | D:1      | Reached XP level 1. HP: 11/11 MP: 3/3
     0 | D:1      | magus.rc [v1.9.6]
   319 | D:1      | Reached XP level 2. HP: 17/17 MP: 5/5
   527 | D:1      | Found a faded altar of an unknown god.
   533 | D:1      | Prayed at the altar of an unknown god.
   533 | D:1      | Became a worshipper of Sif Muna the Loreminder
   533 | D:1      | Reached * piety under Sif Muna
   534 | D:1      | Quit the game

Vanquished Creatures
  A dart slug (D:1)
  An endoplasm (D:1)
  3 hobgoblins (D:1)
  4 kobolds (D:1)
  3 rats (D:1)
12 creatures vanquished.

Table legend:
 A = Non-vault XP
 B = Vault XP
 C = Vault XP percentage of total XP
 D = Non-vault monster count
 E = Vault monster count
 F = Vault count percentage of total count
                 A         B        C        D         E       F
            +---------+---------+-------+---------+---------+-------
      Total |      21 |       0 |   0.0 |      12 |       0 |   0.0
            +---------+---------+-------+---------+---------+-------
        D:1 |      21 |       0 |   0.0 |      12 |       0 |   0.0
            +---------+---------+-------+---------+---------+-------

Illustrated notes

Table legend:
 A = Kills in this place as a percentage of kills in entire the game.
 B = Kills by you in this place as a percentage of kills by you in the entire game.
 C = Kills by friends in this place as a percentage of kills by friends in the entire game.
 D = Other kills in this place as a percentage of other kills in the entire game.
 E = Experience gained in this place as a percentage of experience gained in the entire game.
 F = Experience gained in this place divided by the number of levels of this place that you have seen.
                   A       B       C       D       E      F
               +-------+-------+-------+-------+-------+----------------------
         Total | 100.0 | 100.0 |   N/A |   N/A | 100.0 |  21.0
       Dungeon | 100.0 | 100.0 |   N/A |   N/A | 100.0 |  21.0
               +-------+-------+-------+-------+-------+----------------------

Table legend: (Time is in decaauts)
 A = Elapsed time spent in this place.
 B = Non-inter-level travel time spent in this place.
 C = Inter-level travel time spent in this place.
 D = Time resting spent in this place.
 E = Time spent auto-exploring this place.
 F = Levels seen in this place.
 G = Mean time per level.
                   A        B        C        D        E       F      G
               +--------+--------+--------+--------+--------+-----+--------+
         Total |    534 |    510 |     24 |    115 |    267 |   1 |  534.0 |
       Dungeon |    534 |    510 |     24 |    115 |    267 |   1 |  534.0 |
               +--------+--------+--------+--------+--------+-----+--------+

Top non-repeatable levels by time:
     D:1: 534 daAuts
